 Dungeon Crawl Stone Soup version 0.32-a0-422-g28b100f618 (webtiles) character file.

Game seed: 17891981663967324513

101 snarfax the Cudgeller (level 4, -3/30 (34) HPs)
             Began as a Coglin Gladiator on Feb 21, 2024.
             Slain by Robin
             ... wielding a +0 short sword of draining
              (5 damage)
             ... on level 1 of the Dungeon.
             The game lasted 00:03:50 (1401 turns).

snarfax the Cudgeller (Coglin Gladiator)            Turns: 1401, Time: 00:03:52

HP:   -3/30 (34)    AC:  4    Str: 14 (16) XL:     4   Next: 75%
MP:   4/4           EV: 12    Int:  6 (8)  God:
Gold: 41            SH:  0    Dex: 12 (15) Spells: 3/3 levels left

rFire   + + .        a - +0 flail {Nimrit}
rCold   + . .        m - +0 mace {Fernando}
rNeg    . . .        b - +0 leather armour
rPois   +            c - +0 helmet
rElec   +            (no cloak)
rCorr   +            (no gloves)
SInv    .            (no boots)
Will    .....        (no amulet)
Stlth   +            f - ring of protection from fire
HPRegen 0.25/turn    (no ring)
MPRegen 0.09/turn

%: no passive effects
@: resistant, heavily drained, revving
A: off-hand wielding, slow wielding, warmup strikes, legs shutdown
a: no special abilities


You were on level 1 of the Dungeon.
You visited 1 branch of the dungeon, and saw 2 of its levels.

You collected 41 gold pieces.

Inventory:

Hand Weapons
 a - a +0 flail (weapon) {Nimrit}
 m - a +0 mace (offhand) {Fernando}
Missiles
 d - 3 throwing nets (quivered)
 e - a javelin
 k - 4 atropa-tipped darts
Armour
 b - a +0 leather armour (worn)
 c - a +0 helmet (worn)
Jewellery
 f - a ring of protection from fire (left grasper)
 g - an amulet of faith
Scrolls
 i - a scroll of silence {unknown}
Potions
 h - a potion of degeneration
 l - a potion of resistance


   Skills:
 + Level 2.9 Fighting
 + Level 3.4 Maces & Flails
 - Level 2.0 Throwing
 + Level 1.3 Armour
 + Level 3.3 Dodging


You had 3 spell levels left.
You didn't know any spells.
Your spell library was empty.

Dungeon Overview and Level Annotations

Branches:
Dungeon (2/15)

Altars:

Annotations:
D:1 Robin


Innate Abilities, Weirdness & Mutations

You can wield a second weapon in your off-hand.
It takes a long time for you to wield or remove held weapons.
Your first few attacks do less damage.
Attacking and casting redirects power from your legs.


Message History

Unknown command.
You are too injured to fight recklessly!
Unknown command.
You cannot move.
Unknown command.
You are no longer unable to travel.
The hobgoblin closely misses you. Robin hits you but does no damage.
You feel drained. The hobgoblin closely misses you. The jackal bites you.
The jackal barely misses you. The hobgoblin closely misses you.
Robin closely misses you. The hobgoblin hits you.
* * * LOW HITPOINT WARNING * * *
The jackal barely misses you.
You climb upwards.
There is a stone staircase leading down, spattered with blood here.
You hit the jackal with your +0 flail.
The jackal is lightly wounded.
You closely miss the jackal with your +0 mace.
Robin hits you with a +0 short sword of draining.
* * * LOW HITPOINT WARNING * * *
You feel drained. The hobgoblin hits you.
* * * LOW HITPOINT WARNING * * *
The jackal bites you but does no damage.
The hobgoblin hits you but does no damage.
Robin hits you but does no damage.
You feel drained.
It was a potion of degeneration.
There was something very wrong with that liquid.
You feel weakened.
You feel dopey.
You feel clumsy.
You are no longer unable to travel.
The jackal bites you.
* * * LOW HITPOINT WARNING * * *
Robin says, "Bow before me, strongest of all the hobgoblins!"
Robin closely misses you. The hobgoblin closely misses you.
The jackal barely misses you.
It was a potion of resistance.
You feel protected.
The jackal pauses to sniff the ground.
The jackal bites you but does no damage.
Robin hits you with a +0 short sword of draining.
You die...
Robin lets out a smug laugh.

....###...##.#.....# #.#.# ß####
#####.##...#.# #.#.# ######
#.##...#.#######.#.# .....#
##.##.............#.# ..≈≈≈#
###.###..############.###
§§≈#####..## #.................#
#####...######..################
.....#####.....g#######
##########.###gg@h....#
##.........##########.#
.................# #.#
##).############.# #.# .#..#
#.####.# .#..# ######.##...#
.#..# #..........## .#..#
##.+###.###'# .#..#
#..#..###..##


You could see Robin, a jackal and 2 hobgoblins.

Vanquished Creatures
  2 adders (D:1)
  2 ball pythons (D:1)
  2 endoplasms (D:1)
  2 giant cockroaches (D:1)
  9 goblins
  7 hobgoblins
  3 jackals
  8 kobolds
  2 quokkas (D:1)
  A frilled lizard (D:2)
  6 rats
44 creatures vanquished.

Notes
Turn   | Place    | Note
-------+----------+-------------------------------------------
     0 | D:1      | snarfax the Coglin Gladiator began the quest for the Orb.
     0 | D:1      | Reached XP level 1. HP: 16/16 MP: 1/1
    38 | D:1      | Reached XP level 2. HP: 20/22 MP: 2/2
   488 | D:1      | Found a faded altar of an unknown god.
   585 | D:1      | Reached XP level 3. HP: 28/28 MP: 3/3
  1199 | D:1      | Reached skill level 1 in Armour
  1199 | D:1      | Reached XP level 4. HP: 32/34 MP: 4/4
  1212 | D:2      | Noticed Robin
  1400 | D:1      | HP: 1/30 [jackal (1)]
  1401 | D:1      | Slain by Robin

Illustrated notes

Levels and vault maps discovered:
D:1:      dpeg_arrival_morbid_curiosity, layout_basic,
          hellmonk_ecumenical_altar_slurped_away, serial_park_tiny_1
D:2:      layout_rooms, grunt_ministairs_1, minmay_tromino_v4_c, uniq_robin

Skill      XL: |  1  2  3 |
---------------+----------+-----
Throwing       | 2 |  2.0
Maces & Flails | 3 |  3.4
Dodging        | 3 |  3.3
Armour         | 1 |  1.3
Fighting       | |  2.9

Action                     |  1- 3 |  4- 6 || total
---------------------------+-------+-------++-------
  Melee: Flail             |    49 |    25 ||    74
         Whip              |    30 |       ||    30
         Dagger            |     2 |       ||     2
         Mace              |     3 |    27 ||    30
    Use: Potion            |       |     2 ||     2
   Stab: Sleeping          |     1 |       ||     1
 Armour: Leather armour    |    31 |    69 ||   100
  Dodge: Dodged            |    32 |    66 ||    98

Table legend: (Time is in decaauts)
 A = Elapsed time spent in this place.
 B = Non-inter-level travel time spent in this place.
 C = Inter-level travel time spent in this place.
 D = Time resting spent in this place.
 E = Time spent auto-exploring this place.
 F = Levels seen in this place.
 G = Mean time per level.
                   A        B        C        D        E       F      G
               +--------+--------+--------+--------+--------+-----+--------+
         Total |   1418 |   1355 |     63 |    148 |    958 |   2 |  709.0 |
       Dungeon |   1418 |   1355 |     63 |    148 |    958 |   2 |  709.0 |
               +--------+--------+--------+--------+--------+-----+--------+

Top non-repeatable levels by time:
     D:1: 1384 daAuts
     D:2: 33 daAuts
